 Dungeon Crawl Stone Soup version 0.31.0-9-g3a7656b989 (webtiles) character file.

Game seed: 16759724865077358202

62799 ProzacElf the Severer (level 15, -2/107 HPs)
             Began as a Formicid Delver on Jan 24, 2024.
             Was a Priest of Yredelemnul.
             Killed from afar by an orc sorcerer (34 damage)
             ... with a bolt of fire
             ... on level 2 of the Orcish Mines.
             The game lasted 00:54:08 (23094 turns).

ProzacElf the Severer (Formicid Delver)            Turns: 23094, Time: 00:54:08

Health: -2/107     AC: 15    Str: 28    XL:     15   Next: 47%
Magic:  22/22      EV: 14    Int: 12    God:    Yredelemnul [***...]
Gold:   1680       SH:  0    Dex: 21    Spells: 14/14 levels left

rFire   . . .        a - +1 broad axe (drain)
rCold   . . .        (no shield)
rNeg    . . .        v - +2 scale mail {rPois}
rPois   +            (helmet unavailable)
rElec   .            Q - scarf {+Inv}
rCorr   .            r - +0 pair of gloves
SInv    +            R - +2 pair of boots
Will    +....        (no amulet)
Stlth   +++          J - +6 ring of strength
HPRegen 0.37/turn    g - +6 ring of dexterity
MPRegen 0.18/turn

%: no passive effects
@: no status effects
A: permanent stasis, dig shafts and tunnels, antennae 3, four strong arms
a: Dig, Shaft Self, Renounce Religion, Evoke Invisibility, Recall Undead
Harvest, Dark Bargain


You were on level 2 of the Orcish Mines.
You worshipped Yredelemnul.
Yredelemnul was aware of your devotion.
You visited 4 branches of the dungeon, and saw 20 of its levels.
You also visited: Ossuary.

You collected 1991 gold pieces.
You spent 311 gold pieces at shops.

Inventory:

Hand Weapons
 a - a +1 broad axe of draining (weapon)
 b - a -2 demon whip of venom
 D - a +0 battleaxe
 P - a +4 eveningstar
Missiles
 j - 6 silver javelins
 m - 14 boomerangs (quivered)
 y - 38 poisoned darts
 F - 3 atropa-tipped darts
 S - 5 javelins
 W - a throwing net
Armour
 p - the +0 scale mail of Prudence {-Cast Str+7 Slay+2}
   (You found it on level 1 of the Lair of Beasts)

   Str+7:     It affects your strength (+7).
   Slay+2:    It affects your accuracy & damage with ranged weapons and melee
   (+2).
   -Cast:     It prevents spellcasting.
 r - a +0 pair of gloves (worn)
 u - a +0 pair of boots of rampaging
 v - a +2 scale mail of poison resistance (worn)
 Q - a scarf of invisibility (worn)
 R - a +2 pair of boots (worn)
 T - a +1 ring mail of fire resistance
 V - a +1 chain mail of cold resistance
Jewellery
 g - a +6 ring of dexterity (right hand)
 n - a ring of ice
 C - a ring of resist corrosion
 J - a +6 ring of strength (left hand)
Wands
 f - a wand of digging (8)
 t - a wand of iceblast (14)
 w - a wand of flame (45)
 B - a wand of quicksilver (1)
 L - a wand of charming (7)
Scrolls
 c - 4 scrolls of fog
 e - a scroll of immolation
 s - 7 scrolls of fear
 x - 7 scrolls of enchant armour
 z - a scroll of brand weapon
 G - a scroll of vulnerability
 H - 2 scrolls of summoning
 U - a scroll of silence
Potions
 d - 5 potions of enlightenment
 h - 3 potions of heal wounds
 i - 13 potions of curing
 k - 2 potions of attraction
 l - 7 potions of magic
 o - a potion of invisibility
 q - a potion of ambrosia {!e}
 A - 2 potions of lignification
 E - 7 potions of mutation
 I - a potion of cancellation
 K - a potion of might
 M - 5 potions of resistance
 N - 3 potions of brilliance
Miscellaneous
 O - a sack of spiders (inert)


   Skills:
 + Level 6.6 Fighting
 - Level 16.0 Axes
 + Level 3.6 Throwing
 - Level 10.0 Armour
 - Level 5.0 Dodging
 - Level 10.0 Stealth
 - Level 10.0 Invocations
 - Level 15.0 Evocations


You had 14 spell levels left.
You didn't know any spells.
Your spell library contained the following spells:

 Spells                   Type           Power      Damage    Failure   Level
 Magic Dart               Conj           0%         1d3       54%         1
 Necrotise                Necr           0%         1d4       54%         1
 Sandblast                Erth           0%         2d4       54%         1
 Call Imp                 Summ           0%         N/A       67%         2
 Lesser Beckoning         Tloc           0%         N/A       67%         2
 Momentum Strike          Conj/Tloc      0%         3d8       67%         2
 Sublimation of Blood     Necr           0%         N/A       67%         2
 Call Canine Familiar     Summ           0%         N/A       88%         3
 Frozen Ramparts          Ice            0%         1d1       88%         3
 Ozocubu's Armour         Ice            0%         N/A       88%         3
 Passwall                 Erth           0%         N/A       88%         3
 Sigil of Binding         Hex            0%         N/A       88%         3
 Stone Arrow              Conj/Erth      0%         3d7       88%         3
 Summon Ice Beast         Ice/Summ       0%         N/A       88%         3
 Vampiric Draining        Necr           0%         2d6       88%         3
 Brom's Barrelling Bould  Conj/Erth      0%         2d3       99%         4
 Dimensional Bullseye     Hex/Tloc       0%         N/A       99%         4
 Leda's Liquefaction      Alch/Erth      0%         N/A       99%         4
 Martyr's Knell           Necr/Summ      0%         N/A       99%         4
 Petrify                  Alch/Erth      0%         N/A       99%         4
 Arcjolt                  Conj/Air       0%         1d10      100%        5
 Curse of Agony           Necr           0%         N/A       100%        5
 Metabolic Englaciation   Hex/Ice        0%         N/A       100%        5
 Summon Mana Viper        Hex/Summ       0%         N/A       100%        5
 Plasma Beam              Fire/Air       0%         2x1d10    100%        6
 Sculpt Simulacrum        Ice/Alch       0%         N/A       100%        6
 Monstrous Menagerie      Summ           0%         N/A       100%        7
 Summon Hydra             Summ           0%         N/A       100%        7
 Blink                    Tloc           Unusable   N/A       N/A         2
 Vhi's Electric Charge    Tloc/Air       Unusable   N/A       N/A         4

Dungeon Overview and Level Annotations

Branches:
Dungeon (12/15)            Temple (1/1) D:5            Lair (5/5) D:9
 Shoals (0/4) Lair:2       Spider (0/4) Lair:2        Slime (0/5) Lair:5
    Orc (2/2) D:12        Ossuary (visited)
    Elf: Orc:2

Altars:
Ashenzari
Cheibriados
Dithmenos
Elyvilon
Fedhas
Gozag
Hepliaklqana
Kikubaaqudgha
Makhleb
Nemelex Xobeh
Okawaru
Qazlal
Ru
Sif Muna
Trog
Uskayaw
Vehumet
Wu Jian
Xom
Yredelemnul
Zin
The Shining One
Jiyva

Shops:
D:2 [   D:7 (!=!(   Orc:2 =


Innate Abilities, Weirdness & Mutations

You cannot be hasted, slowed, berserked, paralysed or teleported.
You can dig through walls and to a lower floor.
You have a pair of large antennae on your head. (SInv)
Your four strong arms can wield two-handed weapons with a shield.


Message History

Yer orc warrior zombie misses tha orc warrior.
Tha warg bites ye.
Tha orc warrior barely misses yer orc warrior zombie.
Tha orc warlord roars a battlecry!
Tha orcs go inta a battle-frenzy!
Tha ogre closely misses yer orc high priest zombie.
Tha orc priest calls down tha wrath o' Beogh upon ye.
Beogh smites ye!
Ye take 13 damage, an' haf 44/107 hp.
Tha warg bites ye!
Tha orc warrior hits yer orc warrior zombie wit' a +0 long sword.
Tha orc priest calls upon Beogh ta heal tha orc warrior.
Tha orc warrior's wounds heal 'emselves!
Yer orc zombie closely misses tha warg.
Tha kobold blastminer shoots a bolt.
Tha bolt hits yer orc wizard zombie!
Ye take 7 damage, an' haf 37/107 hp.
Tha sentinel's mark upon ye fades away.
Tha warg bites ye but does nay damage.
Tha orc warrior hits yer orc sorcerer zombie wit' a +0 long sword!!
An orc sorcerer comes inta view.
It be wieldin' a +0 dagger.
Tha warg attacks as it pursues ye!
Tha warg bites ye.
* * * LOW HITPOINT WARNIN'
* * * Tha ogre hits yer orc high priest zombie wit' a +0 giant spiked club!
Tha warg barely misses ye.
A two-headed ogre comes inta view.
It be wieldin' a +0 giant spiked club an' a +0 giant club.
Tha orc sorcerer points at ye an' mumbles some strange words.
Yer stasis prevents ye from bein' paralysed.
Ye take 5 damage, an' haf 32/107 hp.
Tha ogre hits yer orc wizard zombie wit' a +0 giant spiked club!!
Yer orc wizard zombie be destroyed!
Tha orc sorcerer gestures at ye while chantin'.
Tha bolt o' fire misses ye.
Okay, than.
Ye reach inta tha sack... ...an' thin's crawl out!
Tha warg be caught in a web!
Tha orc sorcerer be caught in a web!
Tha ogre be caught in a web!
Tha sack be emptied!
Tha warg tears tha web.
Tha orc sorcerer points at ye an' mumbles some strange words.
Tha bolt o' fire hits yer wolf spider!!
Tha bolt o' fire hits ye!!
Ye die...
Yer body rises from tha dead as a mindless zombie.

.....#####.# #### { #8.8# {
...###.##.### ##+##
...##....##Z### #+#
....#.....##..####.. {
.......)..##Z.#.##.# .#..
.....#.)))#....###.# { .#..
..........#ZZ..# #.# { ...
..........Z.#.####.#####.#
............###s@hZZ.O...#
.♣.........####s####.Z...#{
....#.....{{.Oos#).#{Z⌠)$#{
~.P##......####.'.)#{{).K####.#
~.♣##.....#####.#).#{........o#
~~# #♣...###.)#.####)#####.####
### ##..####..'....{)# { .. #
###~..#Z##..#....#h# ..#
#≈≈~..Z######.)..#o# .#


You could see a two-headed ogre, a warg, an orc sorcerer (webbed, ally target),
an ogre (webbed), a friendly wolf spider (summoned), a friendly jumping spider
(summoned, wandering), a friendly redback (summoned), 2 friendly orc warrior
zombies and a friendly orc high priest zombie.

Vanquished Creatures
  An orc warlord (Orc:2)
  A dire elephant (Lair:5)
  A hydra (Lair:5)
  A boulder beetle (Lair:1)
  A catoblepas (Lair:5)
  3 death yaks (Lair:5)
  6 two-headed ogres
  An orc high priest (Orc:2)
  A skyshark (Lair:3)
  An orb spider (Lair:2)
  A swamp dragon (Lair:5)
  An orc knight (Orc:2)
  A lindwurm (Lair:5)
  An ugly thing (D:9)
  3 manticores
  3 orc sorcerers (Orc:2)
  7 elephants
  4 black mambas
  An orange demon (Lair:1)
  7 cane toads
  3 rime drakes
  Maggie (D:8)
  2 unseen horrors
  A kobold demonologist (D:12)
  4 komodo dragons
  5 polar bears
  2 trolls
  A hornet (D:10)
  10 blink frogs
  6 dream sheep
  Grinder (D:4)
  Sigmund (D:3)
  5 wyverns
  A wraith (D:10)
  22 yaks
  4 basilisks
  2 steam dragons
  7 vampire mosquitoes
  13 water moccasins
  Duvessa (D:6)
  23 orc warriors
  4 sky beasts
  9 ogres
  16 wolves
  5 centaurs
  A phantom (D:7)
  9 bullfrogs
  2 kobold brigands
  A gnoll sergeant (D:9)
  11 scorpions
  2 elf skeletons (D:7)
  13 wights
  4 killer bees
  An electric eel (Lair:2)
  2 howler monkeys
  2 bombardier beetles (D:4)
  4 human zombies (Ossuary)
  4 hounds
  12 orc priests
  A gnoll bouda (D:7)
  Terence (D:3)
  2 iguanas
  13 orc wizards
  Ijyb (D:3)
  Natasha (twice) (D:3)
  2 human skeletons (D:7)
  2 scorpion zombies (Ossuary)
  3 sleepcaps
  12 hell rats
  2 mummies (Ossuary)
  4 gnolls
  7 adders
  2 shadow imps (D:7)
  4 white imps
  4 ufetubi (D:7)
  2 adder zombies (Ossuary)
  2 dart slugs
  2 ribbon worms
  64 orcs
  6 ball pythons
  4 bats
  7 endoplasms
  A giant cockroach (D:1)
  6 goblins
  7 hobgoblins
  4 jackals (D:2)
  2 quokkas (D:2)
  2 ball python zombies (Ossuary)
  2 frilled lizards (D:2)
  2 gnoll zombies (Ossuary)
  3 jackal zombies (Ossuary)
  11 kobolds
  An orc skeleton (D:7)
  3 orc zombies
  8 rats
464 creatures vanquished.

Vanquished Creatures (collateral kills)
  A hydra (Lair:5)
  An ice dragon (Lair:5)
  2 boulder beetles
  A two-headed ogre (D:9)
  Urug (D:11)
  Amaemon (Lair:1)
  2 skysharks
  An orc knight (Orc:2)
  A cyclops (D:11)
  A manticore (Lair:5)
  6 elephants
  A black mamba (Lair:5)
  A cane toad (Lair:3)
  4 komodo dragons
  A rime drake (Lair:5)
  A troll (Orc:2)
  7 blink frogs
  7 dream sheep
  3 centaur simulacra (D:10)
  A wyvern (Lair:3)
  8 yaks
  A basilisk (Lair:5)
  5 steam dragons
  An acid dragon (Lair:5)
  8 water moccasins
  2 orc warriors (Orc:2)
  A swamp drake (Lair:5)
  A black bear (D:5)
  An ice beast (D:5)
  7 wolves
  4 bullfrogs
  2 scorpions
  Dowan (D:6)
  4 killer bees (D:8)
  An electric eel (Lair:4)
  A jelly (D:6)
  A sleepcap (D:7)
  A scorpion zombie (Ossuary)
  2 orc wizards
  7 hell rats
  A mummy (Ossuary)
  An adder (D:5)
  A shadow imp (D:6)
  2 adder zombies (Ossuary)
  4 orcs
  2 endoplasms (D:1)
  2 goblins (D:2)
  4 kobolds
  An orc zombie (Ossuary)
121 creatures vanquished.

Vanquished Creatures (others)
  A manticore (Lair:5)
  A catoblepas zombie (Lair:5)
  A hydra zombie (Lair:5)
  2 black mamba zombies
  2 cane toad zombies
  A dream sheep zombie (Lair:3)
  3 elephant zombies
  8 blink frog zombies
  A manticore zombie (Lair:5)
  3 rime drake zombies
  2 komodo dragon zombies
  3 water moccasin zombies
  2 yak zombies
  7 wolf zombies
  5 bullfrog zombies
  A centaur zombie (D:8)
  2 basilisk zombies
  An iguana (Lair:5)
  A scorpion zombie (Ossuary)
  2 killer bee zombies
  2 ogre zombies (Orc:2)
  A hound zombie (D:5)
  A howler monkey zombie (D:12)
  8 hell rat zombies
  A swamp drake zombie (Lair:5)
  3 steam dragon zombies
  2 adder zombies
  2 gnoll zombies (D:7)
  An iguana zombie (D:5)
  40 orc zombies
  2 human zombies (D:3)
  A spectral white imp (D:10)
  An endoplasm zombie (D:3)
  3 goblin zombies
  A jackal zombie (D:2)
  4 kobold zombies
122 creatures vanquished.

Grand Total: 707 creatures vanquished

Notes
Turn   | Place    | Note
-------+----------+-------------------------------------------
     0 | D:5      | ProzacElf the Formicid Delver began the quest for the Orb.
     0 | D:5      | Reached XP level 1. HP: 18/18 MP: 1/1
    15 | D:5      | Noticed a wight
    17 | D:5      | Noticed a wight
    30 | D:5      | Noticed a water moccasin
    51 | D:5      | Noticed an iguana
    52 | D:5      | Noticed a hound
   138 | D:3      | Noticed Ijyb
   289 | D:1      | Reached XP level 2. HP: 22/24 MP: 2/2
   374 | D:1      | Reached XP level 3. HP: 27/29 MP: 3/3
   635 | D:1      | Found a faded altar of an unknown god.
   639 | D:1      | Prayed at the altar of an unknown god.
   639 | D:1      | Became a worshipper of Yredelemnul the Dark
   679 | D:1      | Reached * piety under Yredelemnul
   769 | D:1      | Reached skill level 3 in Axes
  1069 | D:2      | Reached XP level 4. HP: 35/35 MP: 4/4
  1459 | D:2      | Found Doahidan's Armour Shop.
  1499 | D:2      | Bought a +0 pair of gloves for 45 gold pieces
  1781 | D:3      | Killed Ijyb
  1782 | D:3      | Reached XP level 5. HP: 41/41 MP: 5/5
  1800 | D:3      | Noticed Terence
  1812 | D:3      | Your ally Ijyb died
  1821 | D:3      | Killed Terence
  2001 | D:3      | Noticed Natasha
  2005 | D:3      | Noticed Sigmund
  2013 | D:3      | Killed Sigmund
  2014 | D:3      | Reached skill level 4 in Axes
  2014 | D:3      | Reached XP level 6. HP: 27/47 MP: 6/6
  2017 | D:3      | Killed Natasha
  2365 | D:3      | Noticed Natasha
  2377 | D:3      | Killed Natasha
  2378 | D:3      | Reached skill level 5 in Axes
  2387 | D:3      | Your ally Sigmund died
  2396 | D:3      | Reached XP level 7. HP: 21/52 MP: 7/7
  2548 | D:3      | Your ally Terence died
  3245 | D:4      | Noticed Grinder
  3258 | D:4      | Killed Grinder
  3514 | D:4      | Reached ** piety under Yredelemnul
  3515 | D:4      | Reached skill level 6 in Axes
  3515 | D:4      | Reached XP level 8. HP: 58/58 MP: 8/8
  3615 | D:5      | Reached skill level 10 in Stealth
  3913 | D:5      | Reached skill level 7 in Axes
  4034 | D:5      | Reached XP level 9. HP: 13/58 MP: 9/9
  4536 | D:5      | Found a staircase to the Ecumenical Temple.
  4545 | Temple   | Entered the Ecumenical Temple
  4597 | D:5      | Reached skill level 5 in Dodging
  4705 | D:6      | Reached skill level 1 in Invocations
  4705 | D:6      | Reached skill level 1 in Evocations
  5010 | D:6      | Noticed Duvessa
  5010 | D:6      | Noticed Dowan
  5022 | D:6      | Killed Duvessa
  5032 | D:6      | Killed Dowan
  5033 | D:6      | Reached skill level 8 in Axes
  5501 | D:7      | Found Zerag's Distillery.
  5503 | D:7      | Found Koxoteci's Weapon Boutique.
  5544 | D:7      | Found a sand-covered staircase.
  5666 | Ossuary  | Entered an ossuary
  5856 | Ossuary  | Reached XP level 10. HP: 68/70 MP: 13/13
  5937 | Ossuary  | Reached skill level 5 in Invocations
  6039 | Ossuary  | Reached skill level 9 in Axes
  6091 | Ossuary  | Reached *** piety under Yredelemnul
  6095 | Ossuary  | Reached skill level 5 in Evocations
  6452 | D:7      | Bought a potion of enlightenment for 70 gold pieces
  6452 | D:7      | Bought a potion of resistance for 140 gold pieces
  6452 | D:7      | Bought a potion of brilliance for 56 gold pieces
  6643 | D:7      | Found Izaux's Weapon Boutique.
  6660 | D:7      | Noticed an unseen horror
  6662 | D:7      | Found Muter's Distillery.
  6684 | D:7      | Killed an unseen horror
  6724 | D:6      | HP: 3/70 [scorpion (2)]
  7203 | D:7      | Found Foumyut's Jewellery Shop.
  7686 | D:8      | Noticed Maggie
  7708 | D:8      | Killed Maggie
  7709 | D:8      | Reached skill level 10 in Axes
  7948 | D:8      | Noticed a two-headed ogre
  7957 | D:8      | Killed a two-headed ogre
  7958 | D:8      | Reached XP level 11. HP: 53/75 MP: 15/17
  8791 | D:9      | Found a staircase to the Lair.
  9352 | D:9      | Noticed a two-headed ogre
  9352 | D:9      | Noticed a green ugly thing
  9375 | D:9      | Killed a two-headed ogre
  9410 | D:9      | Killed a green ugly thing
  9549 | D:9      | Found a radiant altar of Vehumet.
  9783 | D:9      | Reached skill level 10 in Invocations
  9953 | D:9      | Reached **** piety under Yredelemnul
 10078 | D:9      | Identified the +0 leather armour of the Game Afoot {SInv}
 10125 | Lair:1   | Entered Level 1 of the Lair of Beasts
 10222 | Lair:1   | Identified the +0 scale mail of Prudence {-Cast Str+7
                  | Slay+2}
 10469 | Lair:1   | Noticed Amaemon
 10479 | Lair:1   | Killed Amaemon
 10480 | Lair:1   | Reached skill level 5 in Fighting
 10480 | Lair:1   | Reached skill level 10 in Evocations
 10491 | Lair:1   | Reached skill level 1 in Armour
 10628 | Lair:1   | Found a transporter.
 10629 | Lair:1   | Found a transporter.
 10644 | Lair:1   | Noticed a boulder beetle
 10665 | Lair:1   | Reached XP level 12. HP: 86/86 MP: 19/19
 11021 | Lair:1   | Noticed a boulder beetle
 11042 | Lair:1   | Killed a boulder beetle
 11214 | Lair:1   | Killed a boulder beetle
 11455 | Lair:1   | Reached skill level 11 in Axes
 11549 | Lair:1   | Reached skill level 5 in Armour
 12260 | Lair:2   | Found a hole to the Spider Nest.
 12260 | Lair:2   | Noticed an orb spider
 12266 | Lair:2   | Killed an orb spider
 12568 | Lair:2   | Found a staircase to the Shoals.
 13268 | Lair:3   | Reached skill level 12 in Axes
 13485 | Lair:3   | Reached XP level 13. HP: 67/91 MP: 20/20
 14361 | Lair:3   | Reached ***** piety under Yredelemnul
 14362 | Lair:3   | Reached skill level 13 in Axes
 14740 | Lair:4   | Reached skill level 10 in Armour
 15021 | Lair:4   | Reached skill level 14 in Axes
 15520 | Lair:5   | Entered Level 5 of the Lair of Beasts
 15731 | Lair:5   | Found a viscous altar of Jiyva.
 15732 | Lair:5   | Found a staircase to the Slime Pits.
 15898 | Lair:5   | Noticed a dire elephant
 15915 | Lair:5   | Reached skill level 15 in Axes
 15915 | Lair:5   | Reached XP level 14. HP: 98/98 MP: 21/21
 15918 | Lair:5   | Killed a dire elephant
 16796 | Lair:5   | Reached ****** piety under Yredelemnul
 17076 | Lair:5   | Identified the +2 rapier of the Sky {flame, Dex+2}
 17098 | Lair:5   | Reached skill level 16 in Axes
 17136 | Lair:5   | Noticed Rupert
 17151 | Lair:5   | Killed Rupert
 17151 | Lair:5   | Charmed Rupert
 18200 | D:10     | Entered Level 10 of the Dungeon
 19496 | D:11     | Reached XP level 15. HP: 103/103 MP: 22/22
 19590 | D:11     | Noticed Urug
 19597 | D:11     | Killed Urug
 21058 | D:12     | Found a staircase to the Orcish Mines.
 21440 | Orc:1    | Entered Level 1 of the Orcish Mines
 21647 | Orc:2    | Entered Level 2 of the Orcish Mines
 22018 | Orc:2    | Reached skill level 15 in Evocations
 22198 | Orc:2    | Found Bucsax's Jewellery Emporium.
 22198 | Orc:2    | Noticed an orc warlord
 22211 | Orc:2    | Killed an orc warlord
 22212 | Orc:2    | Reached skill level 1 in Throwing
 23087 | Orc:2    | Noticed an orc warlord
 23094 | Orc:2    | Killed from afar by an orc sorcerer

Illustrated notes

Levels and vault maps discovered:
D:1:      tarquinn_simple_flora_water_f, layout_basic,
          hellmonk_ecumenical_altar_leap_of_faith
D:2:      layout_basic, serial_shops, nicolae_shop_crystal
D:3:      layout_basic, st_stairs_3, uniq_natasha, uniq_ijyb, uniq_terence,
          uniq_sigmund
D:4:      layout_loops_ring, kennysheep_generic_room_6, uniq_grinder
D:5:      layout_cave_pools, minmay_temple_entry_poolview
D:6:      layout_cave_pools, chequers_serial_rivers_micro_d, uniq_duvessa
D:7:      layout_cave_pools, nicolae_ossuary_entry_catacombs, serial_shops,
          nicolae_shop_bloodbath_and_beyond, shop,
          nicolae_shop_advertising_works [nicolae_subvault_shop_adworks],
          nicolae_shop_hallway_plus, shop, grunt_ministairs_5,
          minmay_fractal_squares_diagonal_5
D:8:      layout_loops_ring, grunt_decor_cap, uniq_maggie
D:9:      minmay_octagon_keep, layout_basic, amcnicky_altar_gilded,
          lair_entry_dummy
D:10:     layout_loops_corners, serial_ice, serial_ice_i, serial_ice_e,
          serial_ice_c, serial_ice_g, nicolae_titane
D:11:     layout_roguey, uniq_urug
D:12:     layout_stronghold, david_orc_4
Temple:   roderic_octagonal_lattice_temple
Lair:1:   gammafunk_boulding_lane, layout_regular_city, uniq_amaemon
Lair:2:   layout_regular_city, minmay_shoals_entry_beasts,
          nicolae_spider_entry_orb_guardian, infiniplex_staircase_pool
Lair:3:   layout_roguey, lemuel_fruit_tree, grunt_megastairs_5
Lair:4:   layout_hall_layers, serial_bayou_shore_b, serial_bayou_shore_a
Lair:5:   guppyfry_lair_end_dragon, layout_cave_pods, hangedman_lair_in_review,
          slime_entry_1, patterned_corridor, uniq_rupert
Orc:1:    minmay_goldmine, layout_caves
Orc:2:    pubby_orc_utopia

Skill      XL: |  1  2  3  4  5  6  7  8  9 10 11 12 13 14 15 |
---------------+----------------------------------------------+-----
Axes           | 3 4 5 6 7 8 10 12 15 16 | 16.0
Stealth        | 7 8 9 10 | 10.0
Dodging        | 2 4 5 |  5.0
Invocations    | 4 8 10 | 10.0
Evocations     | 4 7 10 13 15 | 15.0
Fighting       | 5 6 |  6.6
Armour         | 2 7 10 | 10.0
Throwing       | 3 |  3.6

Action                     |  1- 3 |  4- 6 |  7- 9 | 10-12 | 13-15 || total
---------------------------+-------+-------+-------+-------+-------++-------
  Melee: Hand axe          |    91 |    19 |       |       |       ||   110
         Dagger            |       |    84 |   106 |     8 |       ||   198
         Punch             |       |     1 |     7 |     5 |    15 ||    28
         Falchion          |       |       |    32 |       |       ||    32
         Morningstar       |       |       |   193 |   187 |       ||   380
         Battleaxe         |       |       |     6 |       |       ||     6
         Broad axe         |       |       |       |   278 |   725 ||  1003
         Mace              |       |       |       |     5 |       ||     5
  Throw: Boomerang         |       |     2 |       |     9 |     1 ||    12
 Invoke: Dark Bargain      |       |       |     1 |       |       ||     1
         Recall Undead Har |       |       |       |     1 |       ||     1
         Bind Soul         |       |       |       |       |     1 ||     1
         Drain Life        |       |       |       |       |     1 ||     1
  Evoke: Wand              |       |       |       |    25 |    11 ||    36
         Sack of spiders   |       |       |       |       |     1 ||     1
    Use: Scroll            |     1 |       |    10 |     2 |    14 ||    27
         Potion            |       |       |     4 |     8 |     1 ||    13
   Stab: Sleeping          |       |     1 |    13 |    14 |    11 ||    39
         Distracted        |       |       |     2 |     4 |    20 ||    26
         Paralysed         |       |       |       |       |     2 ||     2
         Confused          |       |       |       |       |     1 ||     1
 Armour: Leather armour    |    12 |       |       |       |       ||    12
         Chain mail        |    72 |       |       |       |       ||    72
         Plate armour      |    15 |    52 |       |       |       ||    67
         Scale mail        |       |    28 |   263 |   442 |   524 ||  1257
  Dodge: Dodged            |    41 |    29 |   238 |   382 |   458 ||  1148

Action                     |  1- 3 |  4- 6 |  7- 9 | 10-12 | 13-15 || total
---------------------------+-------+-------+-------+-------+-------++-------
  Melee: Hand axe          |    91 |    19 |       |       |       ||   110
         Dagger            |       |    84 |   106 |     8 |       ||   198
         Punch             |       |     1 |     7 |     5 |    15 ||    28
         Falchion          |       |       |    32 |       |       ||    32
         Morningstar       |       |       |   193 |   187 |       ||   380
         Battleaxe         |       |       |     6 |       |       ||     6
         Broad axe         |       |       |       |   278 |   725 ||  1003
         Mace              |       |       |       |     5 |       ||     5
  Throw: Boomerang         |       |     2 |       |     9 |     1 ||    12
 Invoke: Dark Bargain      |       |       |     1 |       |       ||     1
         Recall Undead Har |       |       |       |     1 |       ||     1
         Bind Soul         |       |       |       |       |     1 ||     1
         Drain Life        |       |       |       |       |     1 ||     1
  Evoke: Wand              |       |       |       |    25 |    11 ||    36
         Sack of spiders   |       |       |       |       |     1 ||     1
    Use: Scroll            |     1 |       |    10 |     2 |    14 ||    27
         Potion            |       |       |     4 |     8 |     1 ||    13
   Stab: Sleeping          |       |     1 |    13 |    14 |    11 ||    39
         Distracted        |       |       |     2 |     4 |    20 ||    26
         Paralysed         |       |       |       |       |     2 ||     2
         Confused          |       |       |       |       |     1 ||     1
 Armour: Leather armour    |    12 |       |       |       |       ||    12
         Chain mail        |    72 |       |       |       |       ||    72
         Plate armour      |    15 |    52 |       |       |       ||    67
         Scale mail        |       |    28 |   263 |   442 |   524 ||  1257
  Dodge: Dodged            |    41 |    29 |   238 |   382 |   458 ||  1148

Levels and vault maps discovered:
D:1:      tarquinn_simple_flora_water_f, layout_basic,
          hellmonk_ecumenical_altar_leap_of_faith
D:2:      layout_basic, serial_shops, nicolae_shop_crystal
D:3:      layout_basic, st_stairs_3, uniq_natasha, uniq_ijyb, uniq_terence,
          uniq_sigmund
D:4:      layout_loops_ring, kennysheep_generic_room_6, uniq_grinder
D:5:      layout_cave_pools, minmay_temple_entry_poolview
D:6:      layout_cave_pools, chequers_serial_rivers_micro_d, uniq_duvessa
D:7:      layout_cave_pools, nicolae_ossuary_entry_catacombs, serial_shops,
          nicolae_shop_bloodbath_and_beyond, shop,
          nicolae_shop_advertising_works [nicolae_subvault_shop_adworks],
          nicolae_shop_hallway_plus, shop, grunt_ministairs_5,
          minmay_fractal_squares_diagonal_5
D:8:      layout_loops_ring, grunt_decor_cap, uniq_maggie
D:9:      minmay_octagon_keep, layout_basic, amcnicky_altar_gilded,
          lair_entry_dummy
D:10:     layout_loops_corners, serial_ice, serial_ice_i, serial_ice_e,
          serial_ice_c, serial_ice_g, nicolae_titane
D:11:     layout_roguey, uniq_urug
D:12:     layout_stronghold, david_orc_4
Temple:   roderic_octagonal_lattice_temple
Lair:1:   gammafunk_boulding_lane, layout_regular_city, uniq_amaemon
Lair:2:   layout_regular_city, minmay_shoals_entry_beasts,
          nicolae_spider_entry_orb_guardian, infiniplex_staircase_pool
Lair:3:   layout_roguey, lemuel_fruit_tree, grunt_megastairs_5
Lair:4:   layout_hall_layers, serial_bayou_shore_b, serial_bayou_shore_a
Lair:5:   guppyfry_lair_end_dragon, layout_cave_pods, hangedman_lair_in_review,
          slime_entry_1, patterned_corridor, uniq_rupert
Orc:1:    minmay_goldmine, layout_caves
Orc:2:    pubby_orc_utopia
